Map: Simulacre EC

Players

TcUltimate

  • Race: Protoss Protoss
  • League: Master
  • Spawn Location: 11:00

OneAutumLeaf - Winner!

  • Race: Protoss Protoss
  • League: Grandmaster
  • Spawn Location: 5:00

VOD

Have the link to the VOD?

Description

Time

  • Played on: Feb. 4, 2020, 12:10 p.m.
  • Length: 5:32
Show
View Real Time Build Order
Export as new Build Order

TcUltimate Protoss 

Build Orders: Phoenix Opening 

Get SALT Encoding   

  12  0:02  Probe  
  13  0:14  Probe  
  13  0:18  Pylon  
  14  0:26  Probe (Chrono Boost)  
  15  0:38  Gateway  
  15  0:39  Probe (Chrono Boost)  
  16  0:46  Probe (Chrono Boost)  
  16  0:47  Assimilator  
  17  0:53  Probe  
  18  0:57  Assimilator  
  18  1:05  Probe (Chrono Boost)  
  18  1:10  Gateway  
  19  1:15  Probe (Chrono Boost)  
  20  1:20  Probe  
  21  1:26  Cybernetics Core  
  21  1:32  Probe  
  22  1:40  Pylon  
  22  1:45  Probe  
  23  1:58  Probe  
  24  2:06  Warp Gate  
  28  2:10  Sentry, Stalker  
  28  2:14  Probe  
  29  2:16  Pylon  
  29  2:24  Pylon  
  29  2:26  Pylon  
  29  2:29  Probe  
  31  2:47  Nexus  
  31  2:49  Probe, Phoenix  
  31  3:00  Robotics Facility  
  31  3:03  Sentry  
  33  3:06  Sentry  
  33  3:08  Probe (Chrono Boost)  
  36  3:18  Probe (Chrono Boost)  
  36  3:19  Pylon  
  37  3:23  Probe (Chrono Boost)  
  37  3:26  Pylon  
  38  3:34  Probe  
  38  3:37  Forge  
  39  3:46  Probe  
  40  3:56  Stalker x2  
  40  4:00  Probe  
  40  4:01  Probe  
  46  4:07  Pylon  
  46  4:13  Probe  
  46  4:15  Probe (Chrono Boost)  
  48  4:18  Immortal (Chrono Boost)  
  52  4:25  Probe (Chrono Boost)  
  52  4:27  Probe (Chrono Boost)  
  54  4:34  Probe (Chrono Boost)  
  54  4:35  Probe (Chrono Boost)  
  56  4:45  Pylon  
  58  4:46  Shield Battery  
  58  4:47  Sentry, Stalker  
  58  4:52  Shield Battery  
  60  4:54  Shield Battery  
  60  4:58  Immortal (Chrono Boost)  
  60  5:06  Shield Battery  
  64  5:13  Stalker x2  
Show
View Real Time Build Order
Export as new Build Order

OneAutumLeaf Protoss - Winner!

Build Orders:  

Get SALT Encoding   

  12  0:00  Probe  
  13  0:12  Probe  
  14  0:17  Pylon  
  14  0:24  Probe (Chrono Boost)  
  15  0:36  Probe (Chrono Boost)  
  15  0:37  Gateway  
  16  0:44  Probe (Chrono Boost)  
  16  0:47  Assimilator  
  17  0:51  Probe  
  17  0:55  Assimilator  
  18  1:03  Probe (Chrono Boost)  
  19  1:08  Gateway  
  19  1:12  Probe (Chrono Boost)  
  19  1:17  Probe (Chrono Boost)  
  20  1:25  Cybernetics Core  
  21  1:29  Probe  
  22  1:35  Pylon  
  22  1:41  Probe  
  23  1:54  Probe  
  24  2:02  Stalker  
  24  2:03  Warp Gate, Sentry  
  28  2:17  Pylon  
  28  2:29  Stalker  
  30  2:36  Sentry  
  32  2:45  Robotics Facility  
  32  2:55  Nexus  
  32  3:04  Sentry  
  34  3:09  Pylon  
  34  3:12  Stalker  
  36  3:19  Probe  
  37  3:29  Immortal (Chrono Boost)  
  41  3:52  Sentry  
  43  3:58  Warp Prism (Chrono Boost), Stalker  
  47  4:07  Probe  
  47  4:09  Probe  
  49  4:19  Probe  
  49  4:21  Stalker  
  49  4:24  Stalker  
  54  4:32  Probe  
  54  4:33  Probe, Pylon  
  54  4:37  Observer  
  57  4:48  Stalker  
  57  4:49  Stalker  
  61  4:55  Probe x2  
  61  4:58  Pylon  
  61  5:21  Stalker x2  
  61  5:27  Stalker  
  61  5:28  Stalker  
Tags
 
Add a new tag
Caveats
  • Supply blocks, unpowered buildings, or Contaminate may cause inaccurate times.
  • Supply counts are checked every 10 seconds.